 Dungeon Crawl Stone Soup version 0.31-a0-949-g57150269e1 (webtiles) character file.

Game seed: 1880763161502305583

32 p00ps00p the Trooper (level 3, -6/33 HPs)
             Began as a Hill Orc Fighter on Oct 22, 2023.
             Mangled by Sigmund
             ... wielding a +2 scythe of freezing
              (10 damage)
             ... on level 2 of the Dungeon.
             The game lasted 00:02:47 (1138 turns).

p00ps00p the Trooper (Hill Orc Fighter)             Turns: 1138, Time: 00:02:49

Health: -6/33      AC:  7    Str: 20    XL:     3   Next: 27%
Magic:  3/3        EV:  9    Int:  8    God:
Gold:   9          SH:  4    Dex: 10    Spells: 2/2 levels left

rFire   . . .        a - +0 war axe
rCold   . . .        c - +0 buckler
rNeg    . . .        b - +0 scale mail
rPois   .            (no helmet)
rElec   .            (no cloak)
rCorr   .            (no gloves)
SInv    .            (no boots)
Will    .....        (no amulet) Stlth
                     (no ring)
HPRegen 0.25/turn    (no ring)
MPRegen 0.08/turn

%: no passive effects
@: mighty
A: no striking features
a: no special abilities


You were on level 2 of the Dungeon.
You visited 1 branch of the dungeon, and saw 2 of its levels.

You collected 9 gold pieces.

Inventory:

Hand Weapons
 a - a +0 war axe (weapon)
Armour
 b - a +0 scale mail (worn)
 c - a +0 buckler (worn)
Scrolls
 e - a scroll of identify {unknown}
Potions
 f - a potion of curing {unknown}


   Skills:
 + Level 4.1 Fighting
 + Level 3.3 Axes
 + Level 3.7 Armour
 + Level 3.6 Shields


You had 2 spell levels left.
You didn't know any spells.
Your spell library was empty.

Dungeon Overview and Level Annotations

Branches:
Dungeon (2/15)

Altars:

Annotations:
D:2 Robin, Sigmund


Message History

Sigmund is heavily wounded.
You closely miss the giant cockroach. The giant cockroach closely misses you.
A goblin comes into view. It is wielding a +0 dagger.
Robin closely misses you. You block Sigmund's attack.
You block the giant cockroach's attack.
Unknown command.
You closely miss Sigmund.
Sigmund is heavily wounded.
You slash the giant cockroach!
You kill the giant cockroach!
Robin barely misses you.
A goblin comes into view. It is wielding a +0 dagger.
Sigmund completely misses you.
You barely miss Sigmund.
Sigmund is heavily wounded.
The goblin shouts!
You hear a shout! x2
Robin throws the goblin at you! The goblin barely misses you. Robin misses you.
Sigmund hits you with a +2 scythe of freezing.
Sigmund freezes you.
* * * LOW HITPOINT WARNING * * *
The goblin hits you with a +0 club.
* * * LOW HITPOINT WARNING * * *
A hobgoblin comes into view.
You hit Sigmund.
Sigmund is severely wounded.
You slash the goblin!
You kill the goblin!
Robin throws the goblin at you! The goblin hits you but does no damage.
A goblin comes into view. It is wielding a +0 club.
Sigmund casts a spell.
Sigmund flickers and vanishes!
Deactivating autopickup; reactivate with Ctrl-A.
The goblin shouts!
You hear a shout!
Robin throws the goblin at you! The goblin hits you with a +0 dagger.
* * * LOW HITPOINT WARNING * * *
The goblin barely misses you.
The goblin unwields a +0 dagger.
The goblin wields a +0 sling.
The goblin shoots a sling bullet.
You block the sling bullet. Something hits you!
You die...

#.................# ..
#.................# .
#..................
.#####).................
#....>..................#
#######..##........
##.†####.....
##.g##...... ##.@(.#
#....{)g..>...
#...g...#.....
#.............
.....g.........
#....g....#.....
#.#.g...........
..##.#######...


You could see Robin, a hobgoblin (strong) and 4 goblins.

Vanquished Creatures
  2 dart slugs
  A ball python (D:1)
  An endoplasm (D:1)
  A giant cockroach (D:2)
  5 goblins
  5 hobgoblins
  3 bats
  4 frilled lizards
  2 kobolds (D:1)
  3 rats
27 creatures vanquished.

Notes
Turn   | Place    | Note
-------+----------+-------------------------------------------
     0 | D:1      | p00ps00p the Hill Orc Fighter began the quest for the Orb.
     0 | D:1      | Reached XP level 1. HP: 19/19 MP: 1/1
   178 | D:1      | Reached XP level 2. HP: 27/27 MP: 2/2
   897 | D:1      | Reached skill level 4 in Fighting
  1108 | D:2      | Reached XP level 3. HP: 33/33 MP: 3/3
  1125 | D:2      | Noticed Sigmund
  1128 | D:2      | Noticed Robin
  1138 | D:2      | Mangled by Sigmund

Illustrated notes

Levels and vault maps discovered:
D:1:      spicycebolla_arrival_clurvy, layout_basic, palyth_stone_intersect
D:2:      layout_rooms, kennysheep_generic_room_7, uniq_sigmund, uniq_robin

Skill      XL: |  1  2 |
---------------+-------+-----
Axes           | 3 |  3.3
Fighting       | 4 |  4.1
Armour         | |  3.7
Shields        | |  3.6

Action                     || total
---------------------------++-------
  Melee: War axe           ||    48
    Use: Scroll            ||     2
         Potion            ||     1
 Armour: Scale mail        ||    35
  Dodge: Dodged            ||    34
  Block: Buckler           ||    13

Table legend: (Time is in decaauts)
 A = Elapsed time spent in this place.
 B = Non-inter-level travel time spent in this place.
 C = Inter-level travel time spent in this place.
 D = Time resting spent in this place.
 E = Time spent auto-exploring this place.
 F = Levels seen in this place.
 G = Mean time per level.
                   A        B        C        D        E       F      G
               +--------+--------+--------+--------+--------+-----+--------+
         Total |   1155 |   1146 |      9 |      0 |   1005 |   2 |  577.5 |
       Dungeon |   1155 |   1146 |      9 |      0 |   1005 |   2 |  577.5 |
               +--------+--------+--------+--------+--------+-----+--------+

Top non-repeatable levels by time:
     D:1: 1111 daAuts
     D:2: 44 daAuts
